 Dungeon Crawl Stone Soup version 0.23-a0-398-g8eab93f (webtiles) character file.

302350 aurelian the End of an Era (level 21, 0/190 HPs)
             Began as a Human Fighter on Nov 2, 2018.
             Was the Champion of Qazlal.
             Killed from afar by a fire giant (29 damage)
             ... with a bolt of fire
             ... on level 4 of the Vaults on Nov 3, 2018.
             The game lasted 02:38:55 (52037 turns).

aurelian the End of an Era (Human Fighter)         Turns: 52037, Time: 02:38:55

Health: 0/190      AC: 25    Str: 27    XL:     21   Next: 98%
Magic:  33/33      EV: 13    Int: 10    God:    Qazlal [******]
Gold:   778        SH: 22    Dex: 13    Spells: 20/20 levels left

rFire    + . .     SeeInvis .   b - +3 scimitar (elec)
rCold    . . .     Gourm    .   c - +0 shield
rNeg     . . .     Faith    .   u - +1 chain mail {MR+}
rPois    .         Spirit   .   e - +0 helmet
rElec    .         Reflect  .   h - +0 cloak
rCorr    .         Harm     .   (no gloves)
MR       ++++.                  m - +2 pair of boots of the Assassin {Detection Stab+ Stlth++}
Stlth    ..........             g - amulet of regeneration
HPRegen  0.81/turn              B - ring of protection from magic
MPRegen  0.23/turn              M - +4 ring of protection

@: protected from fire, repel missiles
A: magic resistance 1, robust 1, strong 1
}: 2/15 runes: serpentine, barnacled
a: Upheaval, Elemental Force, Disaster Area, Renounce Religion


You were on level 4 of the Vaults.
You worshipped Qazlal.
Qazlal was exalted by your worship.
You were not hungry.

You visited 7 branches of the dungeon, and saw 36 of its levels.
You also visited: Ossuary.

You collected 3280 gold pieces.
You spent 2502 gold pieces at shops.

Inventory:

Hand Weapons
 a - a +4 demon blade of venom
 b - a +3 scimitar of electrocution (weapon)
 R - a +4 scimitar of flaming
Missiles
 v - 93 tomahawks (quivered)
 x - 2 javelins of returning
 C - 43 javelins
 F - 9 throwing nets
 Q - 21 poisoned javelins
Armour
 c - a +0 shield (worn)
 e - a +0 helmet (worn)
 h - a +0 cloak (worn)
 j - the cursed +0 pair of boots of Hysteria {rC+++ rCorr Str-4 Dex+5}
   (You bought it in a shop on level 1 of the Orcish Mines)

   It affects your strength (-4).
   It affects your dexterity (+5).
   It renders you almost immune to cold.
   It provides partial protection from all sources of acid and corrosion.
   It has a curse placed upon it.
 m - the +2 pair of boots of the Assassin (worn) {Detection Stab+ Stlth++}
   (You found it on level 6 of the Lair of Beasts)

   It makes you much more stealthy.
 u - a +1 chain mail of magic resistance (worn)
Jewellery
 g - an amulet of regeneration (around neck)
 A - an uncursed ring of ice
 B - a ring of protection from magic (left hand)
 H - an uncursed ring of protection from fire
 M - a +4 ring of protection (right hand)
 P - an uncursed ring of resist corrosion
 W - the ring of Hospitality {+Fly Int+3}
   (You found it on level 6 of the Lair of Beasts)

   [ring of intelligence]

   It affects your intelligence (+3).
   It lets you fly.
Wands
 k - a wand of acid (11)
 q - a wand of disintegration (69)
 y - a wand of flame (18)
 G - a wand of scattershot (9)
 T - a wand of paralysis (37)
 V - a wand of clouds (13)
 X - a wand of enslavement (7)
 Z - a wand of digging (9)
Scrolls
 p - 8 scrolls of teleportation
 t - 2 scrolls of blinking
 w - a scroll of silence
 I - 3 scrolls of enchant armour
 L - 8 scrolls of remove curse
 N - 14 scrolls of identify
 O - 4 scrolls of magic mapping
 U - 3 scrolls of enchant weapon
Potions
 d - 2 potions of agility
 l - 4 potions of cancellation
 n - 3 potions of haste
 r - 6 potions of mutation
 s - 3 potions of brilliance
 z - 16 potions of curing
 D - a potion of magic
 E - 8 potions of flight
 J - 3 potions of might
 K - a potion of ambrosia
 S - a potion of resistance
Miscellaneous
 i - a lamp of fire
 o - 2 phantom mirrors
Comestibles
 f - 46 rations


   Skills:
 + Level 16.9 Fighting
 - Level 14.0 Long Blades
 + Level 9.9 Throwing
 + Level 15.9 Armour
 - Level 8.0 Dodging
 - Level 15.0 Shields
 + Level 17.7 Invocations
 - Level 5.0 Evocations


You had 20 spell levels left.
You didn't know any spells.
Your spell library contained the following spells:

 Spells                   Type           Power        Failure   Level  Hunger
 Animate Skeleton         Necr           N/A          78%         1    ##.....
 Apportation              Tloc           #.....       78%         1    ##.....
 Beastly Appendage        Tmut           #.....       78%         1    ##.....
 Confusing Touch          Hex            #.....       78%         1    ##.....
 Corona                   Hex            #......      78%         1    ##.....
 Magic Dart               Conj           #...         78%         1    ##.....
 Sandblast                Erth           #.....       78%         1    ##.....
 Sting                    Conj/Pois      #...         78%         1    ##.....
 Summon Small Mammal      Summ           #...         78%         1    ##.....
 Call Imp                 Summ           #.......     89%         2    ###....
 Ensorcelled Hibernation  Hex/Ice        #.....       89%         2    ###....
 Passwall                 Tmut/Erth      #.......     89%         2    ###....
 Poisonous Vapours        Pois/Air       #.....       89%         2    ###....
 Searing Ray              Conj           #.....       89%         2    ###....
 Sticks to Snakes         Tmut           #.......     89%         2    ###....
 Call Canine Familiar     Summ           #.......     98%         3    ####...
 Confuse                  Hex            #.......     98%         3    ####...
 Dazzling Spray           Conj/Hex       #.....       98%         3    ####...
 Mephitic Cloud           Conj/Pois/Air  #.......     98%         3    ####...
 Spider Form              Tmut/Pois      #.........   98%         3    ####...
 Stone Arrow              Conj/Erth      #.....       98%         3    ####...
 Summon Guardian Golem    Hex/Summ       #.......     98%         3    ####...
 Tukima's Dance           Hex            #.......     98%         3    ####...
 Cause Fear               Hex            #.........   100%        4    #####..
 Force Lance              Conj/Tloc      #.......     100%        4    #####..
 Fulminant Prism          Conj/Hex       #.........   100%        4    #####..
 Ice Form                 Ice/Tmut       #.......     100%        4    #####..
 Iskenderun's Mystic Bla  Conj           #.......     100%        4    #####..
 Olgreb's Toxic Radiance  Pois           #.......     100%        4    #####..
 Petrify                  Tmut/Erth      #.......     100%        4    #####..
 Summon Ice Beast         Ice/Summ       #.......     100%        4    #####..
 Summon Lightning Spire   Summ/Air       #.......     100%        4    #####..
 Blade Hands              Tmut           #.........   100%        5    ######.
 Irradiate                Conj/Tmut      #.........   100%        5    ######.
 Lee's Rapid Deconstruct  Erth           #.........   100%        5    ######.
 Silence                  Hex/Air        #.........   100%        5    ######.
 Venom Bolt               Conj/Pois      #.........   100%        5    ######.
 Yara's Violent Unravell  Hex/Tmut       #.........   100%        5    ######.
 Deflect Missiles         Chrm/Air       #.........   100%        6    #######
 Hydra Form               Tmut           #.........   100%        6    #######
 Statue Form              Tmut/Erth      #........    100%        6    #######
 Dragon Form              Tmut           #.........   100%        7    #######
 Discord                  Hex            #.........   100%        8    #######


Dungeon Overview and Level Annotations

Branches:
Dungeon (15/15)            Temple (1/1) D:6            Lair (6/6) D:9
 Shoals (4/4) Lair:3        Snake (4/4) Lair:2        Slime (0/5) Lair:6
    Orc (2/2) D:12            Elf (0/3) Orc:2        Vaults (4/5) D:13
  Crypt (0/3) Vaults:3     Depths (0/5) D:15

Altars:
Ashenzari
Dithmenos
Elyvilon
Gozag
Makhleb
Qazlal
Sif Muna
Uskayaw
Vehumet
Wu Jian
Xom
Yredelemnul
Beogh
Jiyva

Shops:
D:4 %   D:13 *   D:15 *   Orc:1 [   Orc:2 *}[(   Snake:1 }==   Snake:4 *
Vaults:2 ?   Vaults:4 ?

Annotations:
D:4 1 exclusion
D:10 exclusion: ice statue
Lair:6 exclusion: 3 oklob plants
Orc:1 2 transporters


Innate Abilities, Weirdness & Mutations

You are resistant to hostile enchantments. (MR+)
You are robust. (+10% HP)
Your muscles are strong. (Str +2)


Message History

The fire giant is engulfed in freezing vapours.
The vault sentinel is engulfed in blazing flames.
The vault sentinel blows a loud note on a signal horn!
The fire giant gestures at you while chanting.
The bolt of fire hits you!
* * * LOW HITPOINT WARNING * * *
Unknown command.
The fire giant is engulfed in blazing flames.
The fire giant gestures at you while chanting.
You hear a sizzling sound!
The fire giant points at you and mumbles some strange words.
The fireball explodes!
The fireball engulfs you!
* * * LOW HITPOINT WARNING * * *
You feel better.
Your protection from physical attacks is fading.
The fire giant gestures at you while chanting.
The bolt of fire hits you!
Your resistance to physical damage fades away.
You feel protected from fire.
You die...

#...#..C# #.###...
#.....p.# #..####.
#......C########
#..#.#'#
########.......#
#.#'.... #.C.....#
#.##...# #..#....#
###....' #.....§.#
###'#.# #..§§...#
##..#### #..§§@#.#
#.....## #..§....#
####+######
#####'###
#......#... #...#
#......).# #...#
#∩.....#.# ##...##
#......#.# #.....#
#.....)#..
##.....###...)..#.#.
#.......##......#.#.


You could see a frost giant, a fire giant and a vault sentinel.

Vanquished Creatures
  Mara (Vaults:3)
  Boris (Vaults:2)
  A lich (Vaults:3)
  Polyphemus (Shoals:4)
  Frances (Shoals:1)
  Kirke (Snake:4)
  Ilsuiw (Shoals:3)
  A tengu reaver (Vaults:4)
  6 nagarajas (Snake:4)
  A deep elf sorcerer (Vaults:2)
  An orc warlord (Orc:1)
  7 vault wardens
  4 ironheart preservers
  4 very ugly things
  2 stone giants
  10 merfolk impalers
  3 yaktaur captains
  A crystal guardian (Vaults:3)
  6 merfolk javelineers (Shoals:4)
  2 fire dragons
  8 naga warriors
  Fannar (Lair:2)
  6 ogre magi
  2 great orbs of eyes
  7 hydras
  2 alligator snapping turtles (Shoals:3)
  5 ice dragons
  2 vault guards
  5 anacondas
  3 centaur warriors
  4 satyrs (Shoals:4)
  5 catoblepae
  32 two-headed ogres
  2 merfolk avatars
  3 death knights
  2 merfolk aquamancers (Shoals:3)
  10 death yaks
  A deep troll shaman (Vaults:3)
  4 orc high priests (Orc:2)
  6 shock serpents
  3 deep elf knights
  13 naga sharpshooters
  5 skeletal warriors
  2 salamander mystics
  3 flayed ghosts
  17 sea snakes
  2 deep elf archers (Vaults:3)
  6 ironbrand convokers
  6 naga ritualists
  15 deep trolls
  A wolf spider zombie (D:13)
  2 glowing orange brains
  4 wizards
  3 necromancers
  32 harpies
  4 orc sorcerers (Orc:2)
  Pikel (D:4)
  4 mana vipers
  A wolf spider (Vaults:2)
  14 orc knights
  8 deep elf magi
  6 cyclopes
  3 ugly things
  16 manticores
  5 salamanders
  24 fauns
  17 merfolk sirens
  9 water nymphs
  18 elephants
  9 vault sentinels
  3 guardian serpents
  43 black mambas
  28 naga magi
  A torpor snail (Lair:4)
  Joseph (D:7)
  A fire giant skeleton (Vaults:1)
  4 centaur skeletons
  5 spiny frogs
  2 efreet (D:11)
  3 rime drakes
  6 freezing wraiths
  3 kobold demonologists (D:15)
  8 komodo dragons
  25 yaktaurs
  9 trolls
  A queen bee (Lair:5)
  2 yaktaur skeletons
  5 polar bears
  3 hornets
  3 meliai (Lair:5)
  31 merfolk
  Grinder (D:3)
  12 blink frogs
  5 snapping turtles
  9 hippogriffs
  13 slime creatures
  10 dream sheep
  8 wind drakes
  Sigmund (D:4)
  2 shadows
  Eustachio (D:6)
  3 vampires
  6 water elementals
  51 yaks
  4 wraiths
  6 wyverns
  A basilisk (D:9)
  A hog (Snake:4)
  A hungry ghost (D:11)
  2 vampire mosquitoes (D:14)
  Menkaure (D:4)
  7 wargs
  44 nagas
  A soldier ant (D:13)
  4 acid dragons
  6 porcupines
  43 orc warriors
  25 water moccasins
  7 sky beasts
  4 ice beasts
  4 black bears
  4 phantoms
  3 slaves (D:4)
  26 ogres
  A hornet zombie (D:9)
  3 wolves (Lair:4)
  An elf skeleton (Vaults:1)
  A wolf (shapeshifter) (Vaults:3)
  24 centaurs
  3 human skeletons (Vaults:4)
  8 crocodiles
  An orc skeleton (Vaults:1)
  2 big kobolds
  Blork the orc (D:4)
  21 bullfrogs
  A wyvern skeleton (D:14)
  3 scorpions
  45 killer bees
  2 human simulacra
  32 wights
  7 howler monkeys
  8 crimson imps
  2 quasits
  3 centaur zombies
  9 hounds
  2 human zombies
  6 jellies
  39 orc priests
  Crazy Yiuf (D:7)
  2 bullfrog skeletons
  Jessica (D:3)
  3 iguanas
  23 orc wizards
  7 worker ants
  6 hell rats (Lair:5)
  A killer bee zombie (D:5)
  3 big kobold zombies (Ossuary)
  3 hound skeletons
  3 mummies
  A worker ant zombie (D:6)
  4 gnolls
  17 adders
  5 shadow imps
  3 oozes
  2 adder skeletons (D:8)
  5 worms
  A dart slug (D:2)
  9 leopard geckos
  134 orcs
  3 ball pythons
  7 giant cockroaches
  4 gnoll zombies (Ossuary)
  13 hobgoblins
  2 jackals (D:11)
  13 kobolds
  4 quokkas
  11 bats
  5 frilled lizards
  4 goblins
  2 goblin zombies
  3 hobgoblin zombies
  A leopard gecko skeleton (D:5)
  2 leopard gecko zombies
  3 orc zombies (Ossuary)
  5 rats
  A spectral orc (D:7)
  2 fungi (Lair:6)
  A plant (Shoals:4)
1466 creatures vanquished.

Vanquished Creatures (others)
  A rakshasa (Vaults:3)
  A deep elf mage (Vaults:2)
  A centaur zombie (D:11)
  A naga mage (Snake:1)
  2 humans (Snake:4)
  An ice beast (D:15)
  A jelly (D:11)
  An orc wizard (D:15)
  2 orcs
  A kobold (D:15)
  17 fungi
  36 plants
65 creatures vanquished.

Grand Total: 1531 creatures vanquished

Notes
Turn   | Place    | Note
-------+----------+-------------------------------------------
     0 | D:1      | aurelian the Human Fighter began the quest for the Orb.
     0 | D:1      | Reached XP level 1. HP: 18/18 MP: 1/1
    79 | D:1      | Reached XP level 2. HP: 24/24 MP: 2/2
   335 | D:1      | Reached XP level 3. HP: 24/29 MP: 3/3
   754 | D:2      | Reached XP level 4. HP: 31/35 MP: 4/4
   957 | D:2      | Found a hide-covered altar of Uskayaw.
  1371 | D:1      | Reached XP level 5. HP: 35/41 MP: 5/5
  2581 | D:3      | Reached XP level 6. HP: 27/48 MP: 6/6
  2785 | D:3      | Noticed Grinder
  2785 | D:3      | Paralysed by Grinder for 6 turns
  2794 | D:3      | Paralysed by Grinder for 6 turns
  2802 | D:3      | Killed Grinder
  2802 | D:3      | Reached XP level 7. HP: 18/54 MP: 7/7
  3209 | D:3      | Noticed Jessica
  3227 | D:3      | Killed Jessica
  3234 | D:3      | HP: 2/55 [ogre/+0 giant spiked club (14)]
  3237 | D:3      | Reached skill level 5 in Long Blades
  3461 | D:4      | Found Papi's Food Emporium.
  3516 | D:4      | Found a deep blue altar of Sif Muna.
  3565 | D:4      | Found a sand-covered staircase.
  3851 | Ossuary  | Entered an ossuary
  3929 | Ossuary  | Reached XP level 8. HP: 45/61 MP: 8/8
  4157 | D:4      | Noticed Menkaure
  4162 | D:4      | Killed Menkaure
  4162 | D:4      | Reached skill level 5 in Fighting
  4162 | D:4      | Reached skill level 5 in Shields
  4531 | D:4      | Noticed Blork the orc
  4541 | D:4      | Killed Blork the orc
  4769 | D:4      | Noticed Sigmund
  4792 | D:4      | Killed Sigmund
  5149 | D:4      | Noticed Pikel
  5199 | D:4      | Killed Pikel
  5199 | D:4      | Reached XP level 9. HP: 36/69 MP: 9/9
  5500 | D:5      | Entered Level 5 of the Dungeon
  6014 | D:5      | Found a white marble altar of Elyvilon.
  6024 | D:5      | Found a shimmering altar of Xom.
  6085 | D:5      | Found an ornate altar of the Wu Jian Council.
  6086 | D:5      | Found a shattered altar of Ashenzari.
  6180 | D:6      | Noticed Eustachio
  6205 | D:6      | Found an opulent altar of Gozag.
  6309 | D:6      | Found a shadowy altar of Dithmenos.
  6332 | D:6      | Killed Eustachio
  6566 | D:6      | Found a staircase to the Ecumenical Temple.
  6617 | Temple   | Entered the Ecumenical Temple
  6621 | Temple   | Became a worshipper of Qazlal Stormbringer
  6917 | D:6      | Reached skill level 1 in Invocations
  6961 | D:6      | Reached skill level 1 in Dodging
  7177 | D:6      | Reached XP level 10. HP: 70/77 MP: 11/11
  7478 | D:7      | Found a basalt altar of Yredelemnul.
  7520 | D:7      | Reached skill level 2 in Invocations
  7623 | D:7      | Noticed Joseph
  7644 | D:7      | Reached skill level 6 in Invocations
  7644 | D:7      | Reached XP level 11. HP: 63/84 MP: 11/15
  7658 | D:7      | Killed Joseph
  8054 | D:7      | Found a runed door.
  8082 | D:7      | Reached * piety under Qazlal
  8102 | D:7      | Noticed Crazy Yiuf
  8104 | D:7      | Killed Crazy Yiuf
  9394 | D:8      | Noticed a two-headed ogre
  9495 | D:8      | Killed a two-headed ogre
  9701 | D:9      | Reached ** piety under Qazlal
  9727 | D:9      | Noticed a two-headed ogre
 10042 | D:8      | Reached skill level 7 in Invocations
 10414 | D:8      | Killed a two-headed ogre
 10426 | D:8      | Reached XP level 12. HP: 86/92 MP: 13/17
 10812 | D:9      | Got a polished trident
 10883 | D:9      | Found a staircase to the Lair.
 11045 | D:10     | Entered Level 10 of the Dungeon
 11617 | D:10     | Reached *** piety under Qazlal
 12972 | D:11     | Reached skill level 5 in Armour
 13045 | D:11     | Noticed an eight-headed hydra
 13055 | D:11     | Killed a nine-headed hydra
 13055 | D:11     | Reached skill level 10 in Shields
 13055 | D:11     | Reached skill level 8 in Invocations
 13464 | D:11     | Identified the cursed +0 scale mail of the Original Sin
                  | {Int+2}
 14221 | Lair:1   | Entered Level 1 of the Lair of Beasts
 14960 | Lair:2   | Noticed Fannar
 15039 | Lair:2   | Killed Fannar
 15039 | Lair:2   | Reached XP level 13. HP: 93/100 MP: 14/19
 15051 | Lair:2   | Noticed a four-headed hydra
 15173 | Lair:1   | Killed a two-headed hydra
 15344 | Lair:2   | Found a staircase to the Snake Pit.
 16672 | Lair:3   | Reached skill level 9 in Invocations
 16912 | Lair:3   | Found a staircase to the Shoals.
 17391 | Lair:3   | Identified the +3 trident of Icarad {antimagic, +Inv rPois
                  | rC+ Int-3} (You found it on level 9 of the Dungeon)
 18020 | Lair:4   | Noticed a four-headed hydra
 18031 | Lair:4   | Killed a one-headed hydra
 18031 | Lair:4   | Reached **** piety under Qazlal
 18031 | Lair:4   | Reached XP level 14. HP: 62/109 MP: 21/21
 18382 | Lair:4   | Reached skill level 10 in Fighting
 18874 | Lair:5   | Reached skill level 10 in Invocations
 21212 | Lair:6   | Entered Level 6 of the Lair of Beasts
 21236 | Lair:6   | Found a runed door.
 21236 | Lair:6   | Found a viscous altar of Jiyva.
 21240 | Lair:6   | Found a staircase to the Slime Pits.
 21617 | Lair:6   | Reached XP level 15. HP: 89/117 MP: 20/23
 21930 | Lair:6   | Paralysed by a floating eye for 3 turns
 21941 | Lair:6   | Paralysed by a floating eye for 3 turns
 21949 | Lair:6   | Paralysed by a floating eye for 4 turns
 21957 | Lair:6   | Paralysed by a floating eye for 3 turns
 21967 | Lair:6   | Paralysed by a floating eye for 3 turns
 21972 | Lair:6   | Paralysed by a floating eye for 4 turns
 21978 | Lair:6   | Paralysed by a floating eye for 4 turns
 22175 | Lair:6   | Reached skill level 11 in Invocations
 22333 | Lair:6   | Reached ***** piety under Qazlal
 22541 | Lair:6   | Found the +2 pair of boots of the Assassin {Detection Stab+
                  | Stlth++}
 22552 | Lair:6   | Got a scorched steel ring
 22553 | Lair:6   | Identified the ring of Hospitality {+Fly Int+3} (You found
                  | it on level 6 of the Lair of Beasts)
 22698 | Lair:6   | Paralysed by a floating eye for 2 turns
 23058 | D:12     | Identified the cursed +0 arbalest of Furghibuh {elec, rPois
                  | rF+ rC++ Stlth-}
 23310 | D:12     | Identified the +9 war axe of Tartarus {venom, +Fly rC++ MR+
                  | Dex-3}
 23394 | D:12     | Found a staircase to the Orcish Mines.
 24645 | D:13     | Found a gate to the Vaults.
 24668 | D:13     | Found Taosal's Blood Bar.
 25114 | D:14     | Identified the cursed +1 ring mail of Xixkaups {*Slow +Inv
                  | rPois Dex+2} (You found it on level 14 of the Dungeon)
 25704 | D:15     | Entered Level 15 of the Dungeon
 25714 | D:15     | Reached ****** piety under Qazlal
 25721 | D:15     | Paralysed by an ogre mage for 2 turns
 25728 | D:15     | Reached XP level 16. HP: 80/127 MP: 24/24
 25749 | D:15     | Reached skill level 10 in Armour
 25749 | D:15     | Reached skill level 12 in Invocations
 26350 | D:15     | Found a staircase to the Depths.
 26436 | D:15     | Found Oneikh's Demolitions Depot.
 26447 | D:15     | Identified the +1 leather armour of the Well-Known Planets
                  | {Str+7 Int-4} (You found it on level 15 of the Dungeon)
 27338 | Orc:1    | Entered Level 1 of the Orcish Mines
 27338 | Orc:1    | Found a transporter.
 27340 | Orc:1    | Found a roughly hewn altar of Beogh.
 27340 | Orc:1    | Found a transporter.
 27681 | Orc:2    | Entered Level 2 of the Orcish Mines
 27723 | Orc:2    | Upgraded the game from 0.23-a0-396-g5214e5f to
                  | 0.23-a0-398-g8eab93f
 28231 | Orc:2    | Paralysed by an orc warrior for 2 turns
 28607 | Orc:1    | Found Erpha Tor's Antique Armour Shoppe.
 28638 | Orc:1    | Bought a pair of shimmering boots for 237 gold pieces
 28638 | Orc:1    | Identified the cursed +0 pair of boots of Hysteria {rC+++
                  | rCorr Str-4 Dex+5} (You bought it in a shop on level 1 of
                  | the Orcish Mines)
 28813 | Orc:2    | Reached skill level 15 in Shields
 28816 | Orc:2    | Found a roughly hewn altar of Beogh.
 28977 | Orc:2    | Found Yraskiq's General Store.
 28986 | Orc:2    | Found Tuciolak's Gadget Shoppe.
 29239 | Orc:2    | Paralysed by an orc sorcerer for 4 turns
 29471 | Orc:2    | Found a staircase to the Elven Halls.
 30268 | Orc:2    | Found Haront's Armour Shop.
 30623 | Orc:2    | Reached skill level 1 in Evocations
 30667 | Orc:2    | Found a roughly hewn altar of Beogh.
 30693 | Orc:2    | Found Wuoxetel's Weapon Shoppe.
 31224 | Snake:1  | Entered Level 1 of the Snake Pit
 31258 | Snake:1  | Reached skill level 13 in Invocations
 31273 | Lair:2   | Reached XP level 17. HP: 33/135 MP: 26/26
 32817 | Orc:2    | Bought a wand of clouds (8) for 504 gold pieces
 32817 | Orc:2    | Bought a wand of clouds (5) for 378 gold pieces
 32817 | Orc:2    | Bought a wand of digging (3) for 196 gold pieces
 32817 | Orc:2    | Bought a wand of digging (5) for 252 gold pieces
 33260 | Snake:1  | Found Fiajir's Gadget Shoppe.
 33260 | Snake:1  | Found Tiafauh's Jewellery Shop.
 33261 | Snake:1  | Found Leraqiy's Jewellery Shop.
 33266 | Snake:1  | Bought an uncursed amulet of regeneration for 510 gold
                  | pieces
 34244 | Snake:2  | Found a shimmering altar of Xom.
 35368 | Snake:3  | Reached skill level 5 in Evocations
 35958 | Snake:4  | Entered Level 4 of the Snake Pit
 36042 | Snake:4  | Reached skill level 14 in Invocations
 36058 | Snake:4  | Noticed Kirke
 36074 | Snake:4  | Killed Kirke
 36251 | Snake:4  | Reached XP level 18. HP: 83/145 MP: 15/28
 36264 | Snake:4  | Found Eined's Eclectic Emporium.
 37353 | Snake:1  | Bought an uncursed ring of protection from magic for 425
                  | gold pieces
 38091 | Snake:4  | Reached skill level 15 in Invocations
 38172 | Snake:4  | Got a serpentine rune of Zot
 38807 | Shoals:1 | Entered Level 1 of the Shoals
 39138 | Shoals:1 | Reached skill level 1 in Throwing
 39173 | Shoals:1 | Noticed Frances
 39179 | Shoals:1 | Gained mutation: You tend to lose your temper in combat. [a
                  | neqoxec]
 39182 | Shoals:1 | Killed Frances
 40051 | Shoals:1 | Reached skill level 5 in Dodging
 40276 | Shoals:1 | Lost mutation: You tend to lose your temper in combat.
                  | [potion of mutation]
 40276 | Shoals:1 | Gained mutation: Your muscles are strong. (Str +2) [potion
                  | of mutation]
 40276 | Shoals:1 | Gained mutation: You are robust. (+10% HP) [potion of
                  | mutation]
 40276 | Shoals:1 | Gained mutation: You are resistant to hostile enchantments.
                  | (MR+) [potion of mutation]
 40370 | Shoals:2 | Reached XP level 19. HP: 168/168 MP: 30/30
 41146 | Shoals:2 | Found a shimmering altar of Xom.
 41925 | Shoals:3 | Reached skill level 15 in Fighting
 42577 | Shoals:4 | Entered Level 4 of the Shoals
 42852 | Shoals:3 | Reached skill level 5 in Throwing
 43168 | Shoals:4 | HP: 4/170 [merfolk javelineer/javelin (14)]
 43418 | Shoals:4 | Reached skill level 16 in Invocations
 43854 | Shoals:4 | Noticed Polyphemus
 43929 | Shoals:3 | Reached XP level 20. HP: 179/179 MP: 32/32
 44018 | Shoals:4 | Killed Polyphemus
 44119 | Shoals:4 | Noticed Ilsuiw
 44205 | Shoals:3 | Killed Ilsuiw
 44346 | Shoals:4 | Got a barnacled rune of Zot
 45266 | Vaults:1 | Entered Level 1 of the Vaults
 46163 | Vaults:1 | Paralysed by a hornet for 2 turns
 46809 | Vaults:2 | Noticed Boris
 46865 | Vaults:2 | Killed Boris
 48101 | Vaults:2 | Found Raimoez's Magic Scroll Shop.
 48731 | Vaults:3 | Reached skill level 15 in Armour
 48971 | Vaults:3 | Reached XP level 21. HP: 143/188 MP: 33/33
 49370 | Vaults:3 | Noticed Mara
 49420 | Vaults:3 | Reached skill level 17 in Invocations
 49650 | Vaults:3 | Killed Mara
 50509 | Vaults:3 | Noticed a lich
 50529 | Vaults:3 | Killed a lich
 50723 | Vaults:3 | Found a staircase to the Crypt.
 51749 | Vaults:4 | Found Eleipnuv's Magic Scroll Shop.
 52037 | Vaults:4 | Killed from afar by a fire giant

Vault maps used:
D:1:      ncdulo_lavacross, minmay_heptomino_d4
D:2:      eat_drink_and_be_merry_uskayaw, minmay_split_cup_large
D:3:      first_ration, minmay_divided_ellipse, uniq_grinder, uniq_jessica
D:4:      led_sif_book, serial_shops, shop, nicolae_ossuary_entry_giza,
          st_stairs_13, uniq_pikel, uniq_menkaure, uniq_sigmund,
          uniq_blork_the_orc
D:5:      amethyst_overflow_temple_binary, gammafunk_temple_overflow_pools,
          grunt_decor_fettered
D:6:      grunt_gozag_statues, minmay_temple_entry_glassed_door, basic_altar,
          uniq_eustachio
D:7:      yredelemnul_forgotten_temple_becter, uniq_crazy_yiuf_cottage,
          uniq_joseph
D:8:      grunt_ogre_cave
D:9:      david_lair_generic
D:10:     lemuel_ice_statue
D:11:     minmay_distorted_concentric_squares
D:12:     hiddenorc2_lemuel, minmay_misc_feat_tiny, kennysheep_minor_cross
D:13:     david_vaults_5, guppyfry_shop_blood
D:14:     serial_co_window_serial, co_window_paths_b, co_window_corner_a,
          co_window_corner_a, co_window_cross_1, co_window_of_opportunity_a,
          co_window_corner_a, co_window_paths_b, co_window_paths_a,
          co_window_corner_a, co_window_paths_c, co_window_broadway_a,
          co_window_corner_b, glass_columns_a, glass_columns_c, glass_columns_a,
          glass_columns_a
D:15:     grunt_enter_depths_hoard, minmay_misc_feat_columns,
          nicolae_blasting_shop
Temple:   zaba_magenta_temple
Lair:2:   minmay_snake_entry_six_corridors, cheibrodos_lair_lostbears,
          uniq_fannar
Lair:3:   shoals_dummy_entry, hangedman_lair_generics_rect
Lair:4:   beast_lair_carwin_10
Lair:5:   beast_lair_carwin_large_4, special_room
Lair:6:   evilmike_catoblepas_cave, slime_altar_2, disabler_island
Shoals:1: uniq_frances
Shoals:2: lemuel_centaur_altar
Shoals:4: shoals_end_grunt_garden, shoal_ilsuiw, uniq_polyphemus
Snake:1:  minmay_shop_grove
Snake:2:  basic_altar, serial_bayou_shore_a
Snake:3:  hangedman_venom_bottle
Snake:4:  snake_pit, nicolae_alphabet_shops, basic_stair_grate_trap, uniq_kirke
Orc:1:    gammafunk_beogh_shrine, serial_shops, nicolae_shop_overgrown_old_shop
Orc:2:    pubby_orc_utopia
Vaults:1: ontoclasm_vaults_water_temple, v_misc_25,
          ontoclasm_vaults_loading_screen, hangedman_vaults_corner_blocks,
          nicolae_vaults_little_squares_2, nicolae_vaults_rhombus_5,
          ontoclasm_vaults_gateway, ontoclasm_vaults_eye
Vaults:2: nicolae_vaults_sealed_display, v_misc_19,
          nicolae_vaults_diagonal_hallway_9, v_alt_pattern_1,
          nicolae_vaults_little_squares_1, vaults_room_door_hall,
          vaults_room_ringed_pool, nicolae_vaults_network_star,
          nicolae_vaults_puzzle_piece, hangedman_vaults_maws,
          nicolae_vaults_specimen_jars, v_misc_27, v_misc_24, serial_shops,
          nicolae_shop_crystal, uniq_boris
Vaults:3: minmay_crypt_entry_nasty_monster, v_misc_9, hangedman_vaults_locks,
          nicolae_vaults_puzzle_piece, hangedman_vaults_stream,
          vaults_room_semicircle, v_misc_2, nicolae_vaults_shelves_hall,
          v_misc_33, uniq_mara
Vaults:4: nicolae_vaults_network_periphery, ontoclasm_vaults_shuriken,
          ontoclasm_vaults_ligature, v_misc_27, nicolae_vaults_yaktaur_gun_rack,
          vaults_room_pools, grunt_vaults_funnel, hangedman_vaults_pinch,
          v_misc_10, nicolae_vaults_rhombus_5, vaults_dpeg_hooks, serial_shops,
          shop
Ossuary:  minmay_ossuary_gauntlet

Skill      XL: |  1  2  3  4  5  6  7  8  9 10 11 12 13 14 15 16 17 18 19 20 21 |
---------------+----------------------------------------------------------------+-----
Long Blades    | 3 4 5 7 9 11 12 13 14 | 14.0
Fighting       | 4 6 7 8 9 10 11 12 13 14 15 16 | 16.9
Armour         | 4 5 7 8 9 11 12 13 14 15 | 15.9
Shields        | 4 6 9 10 11 12 14 15 | 15.0
Invocations    | 1 6 7 8 9 10 11 13 14 15 16 17 | 17.7
Dodging        | 1 2 3 4 5 7 8 |  8.0
Evocations     | 2 5 |  5.0
Throwing       | 2 5 8 9 |  9.9

Action                   |  1- 3 |  4- 6 |  7- 9 | 10-12 | 13-15 | 16-18 | 19-21 || total
-------------------------+-------+-------+-------+-------+-------+-------+-------++-------
Melee: Long sword        |    96 |   149 |   412 |   818 |       |       |       ||  1475
       Scimitar          |       |       |    13 |    23 |  1213 |  1645 |  1531 ||  4425
       Demon whip        |       |       |       |     5 |       |       |       ||     5
       Demon blade       |       |       |       |       |       |       |   171 ||   171
Throw: Stone             |     2 |     5 |    15 |     7 |       |       |       ||    29
       Tomahawk          |       |       |       |    27 |    30 |     3 |    50 ||   110
       Throwing net      |       |       |       |     2 |       |       |       ||     2
Invok: Upheaval          |       |       |       |    10 |     2 |    16 |    19 ||    47
       Disaster Area     |       |       |       |       |       |     5 |     5 ||    10
 Abil: Evoke Flight      |       |       |       |       |       |       |    11 ||    11
Evoke: Wand              |       |       |       |    12 |     3 |     7 |     4 ||    26
  Use: Potion            |     1 |     1 |     6 |     4 |       |    13 |     2 ||    27
       Scroll            |       |     6 |     7 |     8 |    11 |    11 |     7 ||    50
 Stab: Held in net/web   |       |       |       |     1 |       |       |       ||     1
       Petrified         |       |       |       |       |     9 |       |       ||     9
       Petrifying        |       |       |       |       |     1 |       |       ||     1
       Invisible         |       |       |       |       |       |     1 |       ||     1
  Eat: Chunk             |       |     6 |    14 |    22 |    26 |    24 |    28 ||   120
       Ration            |       |       |       |     2 |     3 |     7 |     4 ||    16
Armor: Scale mail        |    47 |    69 |   147 |   104 |       |       |       ||   367
       Chain mail        |       |       |       |   146 |   310 |   310 |   434 ||  1200
       Skin              |       |       |       |    17 |       |       |       ||    17
Dodge: Dodged            |    26 |    32 |   103 |   243 |   282 |   330 |   477 ||  1493
       Deflected         |       |       |       |       |     3 |    48 |    51 ||   102
Block: Shield            |    53 |    72 |   162 |   516 |   919 |  1377 |  1480 ||  4579
       Rpst.: Long sword |    11 |    11 |    37 |    63 |       |       |       ||   122
       Scimitar          |       |       |       |     2 |    69 |    64 |    87 ||   222
       Demon blade       |       |       |       |       |       |       |    14 ||    14

Table legend:
 A = Non-vault XP
 B = Vault XP
 C = Vault XP percentage of total XP
 D = Non-vault monster count
 E = Vault monster count
 F = Vault count percentage of total count
                 A         B        C        D         E       F
            +---------+---------+-------+---------+---------+-------
      Total |  303575 |  190290 |  38.5 |     934 |     529 |  36.2
            +---------+---------+-------+---------+---------+-------
        D:1 |      81 |       5 |   5.8 |      26 |       4 |  13.3
        D:2 |      88 |      19 |  17.8 |      12 |       4 |  25.0
        D:3 |      40 |     538 |  93.1 |      14 |      15 |  51.7
        D:4 |     196 |    1293 |  86.8 |       5 |      10 |  66.7
        D:5 |     272 |       0 |   0.0 |      13 |       0 |   0.0
        D:6 |    1147 |     217 |  15.9 |      27 |       1 |   3.6
        D:7 |    1117 |     474 |  29.8 |      20 |       3 |  13.0
        D:8 |    4539 |     331 |   6.8 |      43 |       2 |   4.4
        D:9 |    2435 |     560 |  18.7 |      29 |       3 |   9.4
       D:10 |    2164 |       0 |   0.0 |      22 |       0 |   0.0
       D:11 |    5218 |    1320 |  20.2 |      36 |      18 |  33.3
       D:12 |    6160 |     396 |   6.0 |      26 |      21 |  44.7
       D:13 |    7633 |    1179 |  13.4 |      31 |       5 |  13.9
       D:14 |    8886 |       0 |   0.0 |      32 |       0 |   0.0
       D:15 |   15578 |    2015 |  11.5 |      54 |       2 |   3.6
     Lair:1 |    1388 |     332 |  19.3 |       5 |       2 |  28.6
     Lair:2 |    2900 |    3006 |  50.9 |       8 |      14 |  63.6
     Lair:3 |    5875 |    2614 |  30.8 |      19 |      10 |  34.5
     Lair:4 |    9003 |    2263 |  20.1 |      23 |       7 |  23.3
     Lair:5 |    5622 |    6504 |  53.6 |      24 |      37 |  60.7
     Lair:6 |    6343 |   12347 |  66.1 |      18 |      27 |  60.0
   Shoals:1 |   21500 |    2283 |   9.6 |      45 |       1 |   2.2
   Shoals:2 |   16892 |     477 |   2.7 |      37 |       4 |   9.8
   Shoals:3 |   30586 |   10551 |  25.6 |      57 |      15 |  20.8
   Shoals:4 |    7939 |   21257 |  72.8 |      18 |      27 |  60.0
    Snake:1 |   18459 |       0 |   0.0 |      37 |       0 |   0.0
    Snake:2 |   13724 |       0 |   0.0 |      28 |       0 |   0.0
    Snake:3 |    4487 |    5524 |  55.2 |      12 |      19 |  61.3
    Snake:4 |   14614 |   32278 |  68.8 |      32 |      45 |  58.4
      Orc:1 |    2770 |    1677 |  37.7 |      31 |       2 |   6.1
      Orc:2 |     137 |   19047 |  99.3 |       1 |     141 |  99.3
   Vaults:1 |   13967 |    8958 |  39.1 |      23 |      17 |  42.5
   Vaults:2 |   10117 |   25064 |  71.2 |      19 |      32 |  62.7
   Vaults:3 |   38580 |   24813 |  39.1 |      66 |      20 |  23.3
   Vaults:4 |   23118 |    2781 |  10.7 |      41 |       5 |  10.9
    Ossuary |       0 |     167 | 100.0 |       0 |      16 | 100.0
            +---------+---------+-------+---------+---------+-------
